 Dungeon Crawl Stone Soup version 0.28-a0-909-g796cbd3a86 (webtiles) character file.

Game seed: 13402695444387000397

147468 Peloso the Warrior (level 16, -1/162 HPs)
             Began as a Minotaur Fighter on Nov 25, 2021.
             Was the Champion of Okawaru.
             Killed from afar by an ogre mage (12 damage)
             ... with a bolt of magma
             ... on level 15 of the Dungeon.
             The game lasted 01:05:29 (32956 turns).

Peloso the Warrior (Minotaur Fighter)              Turns: 32956, Time: 01:05:29

Health: -1/162     AC: 21    Str: 30    XL:     16   Next: 92%
Magic:  16/16      EV: 11    Int:  5    God:    Okawaru [******]
Gold:   1933       SH: 17    Dex: 19    Spells: 15/15 levels left

rFire   . . .      SeeInvis .   a - +2 demon blade (freeze)
rCold   . . .      Faith    +   c - +2 kite shield {reflect}
rNeg    + . .      Spirit   .   J - +0 plate armour
rPois   .          Reflect  +   q - +2 hat
rElec   .          Harm     .   (no cloak)
rCorr   +          Rampage  .   O - +0 pair of gloves {Str+3}
Will    +....                   (no boots)
Stlth   ..........              K - amulet of faith
HPRegen 0.37/turn               t - +6 ring of dexterity
MPRegen 0.15/turn               m - ring "Ophyzium" {rN+ rCorr Str+2}

@: no status effects
A: horns 2, retaliatory headbutt
a: Renounce Religion, Heroism, Finesse, Duel


You were on level 15 of the Dungeon.
You worshipped Okawaru.
Okawaru was exalted by your worship.
You visited 4 branches of the dungeon, and saw 24 of its levels.
You also visited: Ossuary and Volcano.

You collected 2702 gold pieces.
You spent 769 gold pieces at shops.

Inventory:

Hand Weapons
 a - a +2 demon blade of freezing (weapon)
 b - a +2 long sword of flaming
Armour
 c - a +2 kite shield of reflection (worn)
 q - a +2 hat (worn)
 H - the +1 chain mail of Beretul {rF++}
   (Okawaru gifted it to you on level 15 of the Dungeon)

   rF:        It greatly protects you from fire.
 J - a +0 plate armour (worn)
 O - a +0 pair of gloves of strength (worn)
Jewellery
 m - the ring "Ophyzium" (right hand) {rN+ rCorr Str+2}
   (You bought it in a shop on level 2 of the Orcish Mines)

   [ring of resist corrosion]

   Str:       It affects your strength (+2).
   rN:        It protects you from negative energy.
   rCorr:     It protects you from acid and corrosion.
 o - a ring of poison resistance
 s - a ring of protection from cold
 t - a +6 ring of dexterity (left hand)
 u - an amulet of the acrobat
 y - a ring of willpower
 K - an amulet of faith (around neck)
Wands
 e - a wand of iceblast (16)
 f - a wand of acid (12)
 n - a wand of flame (21)
 E - a wand of digging (6)
Scrolls
 g - 3 scrolls of teleportation
 h - 2 scrolls of magic mapping
 j - 4 scrolls of amnesia
 l - 2 scrolls of blinking
 p - 2 scrolls of fog
 r - 3 scrolls of enchant weapon
 D - a scroll of identify
 F - 5 scrolls of noise
 G - 4 scrolls of fear
Potions
 d - 2 potions of might
 i - 2 potions of attraction {unknown}
 k - 4 potions of lignification {unknown}
 v - 2 potions of mutation
 w - a potion of resistance {unknown}
 x - 4 potions of haste {unknown}
 z - 5 potions of curing
 A - 3 potions of berserk rage
 B - 4 potions of heal wounds
 C - 4 potions of brilliance {unknown}
 M - 2 potions of flight {unknown}
 P - a potion of cancellation


   Skills:
 + Level 19.8 Fighting
 + Level 0.7(10.6) Short Blades
 + Level 17.6 Long Blades
 + Level 0.7(1.1) Axes
 + Level 0.7(1.1) Maces & Flails
 + Level 0.7(1.1) Polearms
 + Level 0.7(1.1) Staves
 + Level 0.6(0.8) Slings
 + Level 1.0 Bows
 + Level 0.6 Crossbows
 + Level 0.5(0.7) Throwing
 + Level 17.6 Armour
 + Level 4.2 Dodging
 + Level 2.0 Stealth
 + Level 17.3 Shields
 + Level 0.6 Unarmed Combat
 + Level 0.2 Spellcasting
 + Level 0.5 Conjurations
 + Level 0.2 Hexes
 + Level 0.3 Summonings
 + Level 0.3 Necromancy
 + Level 0.3 Translocations
 + Level 0.3 Transmutations
 + Level 0.3 Fire Magic
 + Level 0.3 Ice Magic
 + Level 0.3 Air Magic
 + Level 0.3 Earth Magic
 + Level 0.3 Poison Magic
 + Level 2.5 Invocations
 + Level 1.1 Evocations


You had 15 spell levels left.
You didn't know any spells.
Your spell library contained the following spells:

 Spells                   Type           Power      Damage    Failure   Level
 Foxfire                  Conj/Fire      0%         2x1d4     90%         1
 Apportation              Tloc           0%         N/A       91%         1
 Slow                     Hex            0%         N/A       91%         1
 Passwall                 Tmut/Erth      0%         N/A       97%         2
 Conjure Flame            Conj/Fire      0%         6-21      99%         3
 Dazzling Flash           Conj/Hex       0%         N/A       99%         3
 Confusing Touch          Hex            0%         N/A       100%        3
 Gell's Gravitas          Tloc           0%         N/A       100%        3
 Inner Flame              Hex/Fire       0%         N/A       100%        3
 Lesser Beckoning         Tloc           0%         N/A       100%        3
 Portal Projectile        Hex/Tloc       0%         N/A       100%        3
 Swiftness                Air            0%         N/A       100%        3
 Teleport Other           Tloc           0%         N/A       100%        3
 Flame Wave               Conj/Fire      0%         3d3       100%        4
 Iskenderun's Mystic Bla  Conj/Tloc      0%         2d3       100%        4
 Leda's Liquefaction      Hex/Erth       0%         N/A       100%        4
 Passage of Golubria      Tloc           0%         N/A       100%        4
 Agony                    Necr           0%         N/A       100%        5
 Fireball                 Conj/Fire      0%         3d3       100%        5
 Iskenderun's Battlesphe  Conj           0%         2d6       100%        5
 Lee's Rapid Deconstruct  Erth           0%         3d5*      100%        5
 Silence                  Hex/Air        0%         N/A       100%        5
 Yara's Violent Unravell  Hex/Tmut       0%         3d3       100%        5
 Iron Shot                Conj/Erth      0%         9d1       100%        6
 Starburst                Conj/Fire      0%         6d3       100%        6
 Statue Form              Tmut/Erth      0%         N/A       100%        6
 Ignition                 Fire           0%         3d3       100%        8
 Animate Skeleton         Necr           Unusable   N/A       N/A         1
 Summon Small Mammal      Summ           Unusable   N/A       N/A         1
 Call Canine Familiar     Summ           Unusable   N/A       N/A         3
 Tukima's Dance           Hex            Unusable   N/A       N/A         3
 Spellforged Servitor     Conj/Summ      Unusable   N/A       N/A         7

Dungeon Overview and Level Annotations

Branches:
Dungeon (15/15)            Temple (1/1) D:5            Lair (6/6) D:8
 Shoals (0/4) Lair:3       Spider (0/4) Lair:2        Slime (0/5) Lair:6
    Orc (2/2) D:9             Elf (0/3) Orc:2        Vaults (0/5) D:13
Ossuary (visited)         Volcano (visited)
 Depths: D:15

Altars:
Ashenzari
Cheibriados
Dithmenos
Elyvilon
Fedhas
Gozag
Hepliaklqana
Kikubaaqudgha
Makhleb
Nemelex Xobeh
Okawaru
Qazlal
Ru
Sif Muna
Trog
Uskayaw
Vehumet
Wu Jian
Xom
Yredelemnul
Zin
The Shining One
Beogh

Shops:
D:5 !*!(   Orc:2 *!(=

Portals:
Trove: D:11 (give +2 gold dragon scales)

Annotations:
D:10 3 runed translucent doors, Gargoyl's ghost, journeyman GnAK
Lair:6 1 runed translucent door, bgiannan's ghost, journeyman MiFi


Innate Abilities, Weirdness & Mutations

You have a pair of horns on your head.
You reflexively headbutt those who attack you in melee.


Message History

The slime creature hits you but does no damage.
Something hits you but does no damage. The slime creature barely misses you.
Something hits you but does no damage.
You can move again.
You closely miss something. Your headbutt misses something.
Unknown command.
You closely miss something. You headbutt something!
You block the slime creature's attack.
You hear some strange, mumbled words.
A bolt of magma appears from out of thin air!
The bolt of magma hits you!!
* * * LOW HITPOINT WARNING * * *
Unknown command.
You feel much better. You block the slime creature's attack.
Something hits you but does no damage. Something hits you but does no damage.
Unknown command.
You slash the slime creature! You freeze the slime creature.
You headbutt the slime creature.
The slime creature is moderately wounded.
You block the slime creature's attack.
Unknown command.
You chop the slime creature into pieces!!!
You freeze the slime creature!
You kill the slime creature!
Okawaru accepts your kill.
An ogre mage appears from thin air!
Reactivating autopickup.
The centaur shoots an arrow.
You reflect the arrow off your +2 kite shield of reflection!
The arrow hits the centaur!
The ogre mage gestures at you while chanting.
The bolt of magma hits you!!
* * * LOW HITPOINT WARNING * * *
The centaur shoots an arrow.
You reflect the arrow off your +2 kite shield of reflection!
The arrow hits the centaur.
The ogre mage casts a spell at you. The bolt of magma hits you!
You die...

....#.# ##.###.#
.. #.....# #...
... #.# #.#.# ..
### #...###...#
... #......## #.#
##.#.Oc# ##.#.#...
#...#)#####
###..#...##
#####.#...#
..#.#.#.#. #.@...#
#.#...#... ###...#
#.#.#.#.#. ##.##
...#...## #.#
#.#.#... ##.##
#...##.# ##...##
##.#.....
#.....####..##.###
#.........#.......
#.....######.###.#


You could see an ogre mage and a centaur.

Vanquished Creatures
  Rupert (Orc:2)
  Frances (D:12)
  Kirke (Lair:4)
  Donald (Orc:2)
  Nessos (D:12)
  Josephine (D:12)
  3 boulder beetles
  3 ogre magi
  7 hydras
  A death knight (D:14)
  15 two-headed ogres
  4 centaur warriors
  7 death yaks
  A tengu warrior (D:8)
  Sonja (Orc:2)
  Nergalle (Lair:4)
  4 skeletal warriors
  A glowing orange brain (D:10)
  2 deep trolls (Orc:1)
  A phantasmal warrior (D:14)
  A lindwurm (Lair:3)
  An orc knight (Orc:2)
  A deep elf archer (Volcano)
  4 cyclopes
  A wolf spider (Lair:6)
  2 orc sorcerers
  7 deep elf pyromancers
  11 ugly things
  3 manticores
  A black mamba (shapeshifter) (D:13)
  9 elephants (Lair:6)
  Maurice (D:13)
  2 gargoyles (D:12)
  A torpor snail (Lair:6)
  A black mamba (Lair:5)
  13 cane toads
  7 rime drakes
  An efreet (D:12)
  Maggie (Lair:2)
  3 unseen horrors (D:11)
  10 komodo dragons
  2 freezing wraiths
  A queen bee (Lair:3)
  16 trolls
  Prince Ribbit (D:7)
  11 polar bears
  3 raiju (Lair:6)
  A jumping spider (Lair:2)
  13 blink frogs
  32 slime creatures
  A meliai zombie (D:11)
  A shadow (D:12)
  2 redbacks (Lair:2)
  57 yaks
  4 wyverns
  6 fire elementals (Volcano)
  3 humans
  7 basilisks
  9 wraiths
  A steam dragon (D:9)
  A hog (Lair:4)
  A vampire mosquito (D:8)
  The ghost of BinkBink the Sneak, an amateur OpMo (D:3)
  11 wargs
  4 acid dragons
  16 hell hounds
  15 water moccasins
  17 orc warriors
  3 ice beasts
  12 black bears
  A sky beast (D:5)
  3 necrophages
  17 ogres
  28 wolves
  15 centaurs
  2 phantoms
  8 bullfrogs
  2 gnoll sergeants
  A scorpion (D:6)
  4 elf skeletons (D:6)
  A water moccasin skeleton (D:6)
  24 killer bees (Lair:3)
  14 wights
  3 howler monkeys (D:7)
  An electric eel (Lair:6)
  3 centaur zombies
  4 hounds
  11 jellies
  A human zombie (D:6)
  20 orc priests
  2 centaur skeletons
  2 bullfrog skeletons
  An iguana (D:5)
  Natasha (thrice) (D:2)
  3 human skeletons (D:6)
  19 orc wizards
  A mummy (D:12)
  12 gnolls
  8 adders
  2 shadow imps
  A white imp (D:7)
  3 adder zombies (Ossuary)
  An adder skeleton (D:4)
  3 worms
  A dart slug (D:4)
  73 orcs
  11 endoplasms
  4 giant cockroaches
  9 goblins
  7 hobgoblins
  2 jackals (D:4)
  A kobold (D:4)
  2 quokkas
  6 ball pythons
  3 bats
  4 frilled lizards
  A hobgoblin zombie (Ossuary)
  6 orc skeletons
  2 orc zombies
  A quokka skeleton (D:4)
  6 rats
753 creatures vanquished.

Vanquished Creatures (others)
  4 bushes (Lair:6)
  2 demonic plants (D:1)
  23 fungi
  49 plants
  A withered plant (D:12)
79 creatures vanquished.

Grand Total: 832 creatures vanquished

Notes
Turn   | Place    | Note
-------+----------+-------------------------------------------
     0 | D:1      | Peloso the Minotaur Fighter began the quest for the Orb.
     0 | D:1      | Reached XP level 1. HP: 19/19 MP: 0/0
   308 | D:1      | Reached skill level 4 in Fighting
   308 | D:1      | Reached XP level 2. HP: 27/27 MP: 1/1
   564 | D:1      | Found a faded altar of an unknown god.
   811 | D:2      | Noticed Natasha
   812 | D:2      | Noticed a crimson imp
   817 | D:2      | Killed Natasha
   818 | D:2      | Reached XP level 3. HP: 32/34 MP: 2/2
   830 | D:2      | Reached XP level 4. HP: 19/41 MP: 3/3
  1183 | D:2      | Noticed Natasha
  1193 | D:2      | Killed Natasha
  1194 | D:2      | Reached skill level 5 in Fighting
  1383 | D:2      | Noticed Natasha
  1416 | D:2      | Killed Natasha
  1417 | D:2      | Reached XP level 5. HP: 16/48 MP: 4/4
  2417 | D:3      | Found a runed translucent door.
  2417 | D:3      | Noticed BinkBink's ghost (amateur OpMo)
  2456 | D:3      | Reached skill level 5 in Long Blades
  2456 | D:3      | Reached XP level 6. HP: 39/56 MP: 5/5
  2656 | D:3      | Found a sparkling altar of Nemelex Xobeh.
  3174 | D:3      | Found a glowing golden altar of the Shining One.
  3184 | D:3      | Found a runed translucent door.
  3742 | D:4      | Reached skill level 5 in Armour
  3927 | D:4      | Noticed a wyvern
  3937 | D:4      | Killed a wyvern
  3938 | D:4      | Reached XP level 7. HP: 9/62 MP: 6/6
  4344 | D:5      | Entered Level 5 of the Dungeon
  4391 | D:5      | Reached skill level 6 in Fighting
  4410 | D:5      | Reached skill level 5 in Shields
  4524 | D:5      | Found a staircase to the Ecumenical Temple.
  4526 | D:5      | Found Sesteataq's General Store.
  4537 | Temple   | Entered the Ecumenical Temple
  4561 | Temple   | Became a worshipper of Warmaster Okawaru
  4642 | D:5      | Found Peupp's Distillery.
  5190 | D:5      | Reached XP level 8. HP: 66/70 MP: 7/7
  5245 | D:5      | Found a radiant altar of Vehumet.
  5264 | D:5      | Bought a potion of curing for 33 gold pieces
  5264 | D:5      | Bought a potion of degeneration for 11 gold pieces
  5264 | D:5      | Bought a potion of heal wounds for 55 gold pieces
  5328 | D:5      | Found Fius's Distillery.
  5372 | D:5      | Bought a potion of berserk rage for 55 gold pieces
  5383 | D:5      | Found Doelom Pitt's Antique Weapon Shop.
  5662 | D:6      | Found a sand-covered staircase.
  5670 | Ossuary  | Entered an ossuary
  5711 | Ossuary  | Reached * piety under Okawaru
  5801 | Ossuary  | Noticed a flying skull
  5821 | Ossuary  | Reached skill level 1 in Dodging
  5937 | Ossuary  | Noticed a flying skull
  5939 | Ossuary  | Noticed a flying skull
  5954 | Ossuary  | Reached skill level 7 in Fighting
  5973 | Ossuary  | Noticed a flying skull
  6421 | D:6      | Reached XP level 9. HP: 72/79 MP: 8/8
  6586 | D:6      | Reached ** piety under Okawaru
  7149 | D:7      | Reached skill level 8 in Fighting
  7492 | D:7      | Noticed Prince Ribbit
  7498 | D:7      | Killed Prince Ribbit
  7622 | D:7      | Reached skill level 10 in Long Blades
  7629 | D:7      | Reached *** piety under Okawaru
  8086 | D:8      | Noticed a two-headed ogre
  8093 | D:8      | Killed a two-headed ogre
  8094 | D:8      | Reached XP level 10. HP: 89/89 MP: 9/9
  8112 | D:8      | Reached skill level 10 in Armour
  8338 | D:8      | Found a staircase to the Lair.
  8716 | D:8      | Reached **** piety under Okawaru
  8761 | D:8      | Noticed a manticore
  8767 | D:8      | Killed a manticore
  9187 | D:8      | Noticed a deep elf pyromancer
  9213 | D:8      | Killed a deep elf pyromancer
  9214 | D:8      | Noticed a tengu warrior
  9499 | D:8      | Killed a tengu warrior
  9500 | D:8      | Reached skill level 9 in Fighting
  9949 | D:8      | Found a shimmering blue altar of Sif Muna.
  9956 | D:8      | Found a broken altar of Ashenzari.
  9956 | D:8      | Found a white marble altar of Elyvilon.
  9958 | D:8      | Found a burning altar of Makhleb.
  9958 | D:8      | Found an ornate altar of the Wu Jian Council.
  9962 | D:8      | Found a shadowy altar of Dithmenos.
 10045 | D:8      | Noticed a two-headed ogre
 10053 | D:8      | Killed a two-headed ogre
 10054 | D:8      | Reached XP level 11. HP: 72/97 MP: 10/10
 10355 | D:9      | Found a staircase to the Orcish Mines.
 10402 | D:9      | Reached ***** piety under Okawaru
 11023 | D:10     | Entered Level 10 of the Dungeon
 11120 | D:10     | Noticed an eight-headed hydra
 11178 | Lair:1   | Entered Level 1 of the Lair of Beasts
 11220 | Lair:1   | You fall into a shaft and drop 1 floor!
 11407 | Lair:2   | Reached skill level 10 in Fighting
 11590 | Lair:2   | Noticed Maggie
 11606 | Lair:2   | Killed Maggie
 12131 | Lair:2   | Reached skill level 11 in Fighting
 12515 | Lair:2   | Found a hole to the Spider Nest.
 12839 | Lair:1   | Received a gift from Okawaru
 13990 | Lair:1   | Reached skill level 12 in Fighting
 14187 | Lair:1   | Noticed a six-headed hydra
 14195 | Lair:1   | Killed a two-headed hydra
 14196 | Lair:1   | Reached XP level 12. HP: 94/112 MP: 8/11
 14403 | D:10     | Killed a seven-headed hydra
 14550 | D:10     | Found a runed translucent gate.
 14550 | D:10     | Found a runed translucent gate.
 14550 | D:10     | Found a runed translucent gate.
 14676 | D:10     | Found a sacrificial altar of Ru.
 15350 | D:11     | Reached skill level 10 in Shields
 15501 | D:11     | Noticed a boulder beetle
 15526 | D:11     | Killed a boulder beetle
 15854 | D:11     | Reached skill level 13 in Fighting
 15859 | D:11     | Reached ****** piety under Okawaru
 15891 | D:11     | Received a gift from Okawaru
 16280 | D:11     | Noticed a boulder beetle
 16310 | D:11     | Killed a boulder beetle
 16671 | D:11     | Found a portal to a secret trove of treasure.
 16693 | D:11     | Identified a scroll of acquirement
 16819 | Lair:3   | Received a gift from Okawaru
 17118 | Lair:3   | Found a staircase to the Shoals.
 17553 | Lair:3   | Reached skill level 14 in Fighting
 17554 | Lair:3   | Reached skill level 1 in Invocations
 17891 | Lair:3   | Received a gift from Okawaru
 18175 | Lair:4   | Noticed Nergalle
 18194 | Lair:4   | Killed Nergalle
 18195 | Lair:4   | Reached XP level 13. HP: 125/125 MP: 12/12
 18363 | Lair:4   | Identified the +4 hunting sling "Boopti Amiv" {venom, rN+
                  | Stlth+} (Okawaru gifted it to you on level 4 of the Lair of
                  | Beasts)
 18363 | Lair:4   | Received a gift from Okawaru
 18373 | Lair:4   | Reached skill level 15 in Fighting
 18378 | Lair:4   | Reached skill level 15 in Long Blades
 18384 | Lair:4   | Reached skill level 15 in Armour
 19258 | Lair:4   | Acquired a +2 kite shield of reflection
 19459 | Orc:1    | Entered Level 1 of the Orcish Mines
 19697 | Orc:2    | Entered Level 2 of the Orcish Mines
 19734 | Orc:2    | Identified the +0 robe "Soceotuu" {rCorr Int+6} (Okawaru
                  | gifted it to you on level 2 of the Orcish Mines)
 19734 | Orc:2    | Received a gift from Okawaru
 19833 | Orc:2    | Found a staircase to the Elven Halls.
 19841 | Orc:2    | Found a dark tunnel.
 19954 | Volcano  | Entered a volcano
 20013 | Volcano  | Reached skill level 16 in Fighting
 20847 | Orc:2    | Noticed Rupert
 20892 | Orc:2    | Killed Rupert
 21198 | Orc:2    | Noticed Sonja
 21210 | Orc:2    | Killed Sonja
 21259 | Orc:1    | Received a gift from Okawaru
 21272 | Orc:1    | Reached skill level 17 in Fighting
 21278 | Orc:1    | Reached XP level 14. HP: 43/140 MP: 12/14
 22259 | Orc:2    | Identified the +8 longbow "Jaeschaw" {vorpal, *Corrode rC+
                  | rN++ Stlth+} (Okawaru gifted it to you on level 2 of the
                  | Orcish Mines)
 22259 | Orc:2    | Received a gift from Okawaru
 22268 | Orc:2    | Found Locset's General Store.
 22270 | Orc:2    | Found Hunymn's Distillery.
 22283 | Orc:2    | Found Daengeb's Weapon Emporium.
 22284 | Orc:2    | Found Puetuna's Jewellery Shoppe.
 22286 | Orc:2    | Bought a potion of mutation for 120 gold pieces
 22298 | Orc:2    | Bought the ring "Ophyzium" {rN+ rCorr Str+2} for 495 gold
                  | pieces
 22489 | Orc:2    | Noticed Donald
 22508 | Orc:2    | Killed Donald
 23161 | Orc:1    | Reached skill level 1 in Stealth
 23530 | D:12     | Noticed Frances
 23538 | D:12     | Killed Frances
 23539 | D:12     | Reached skill level 18 in Fighting
 24106 | D:12     | Noticed Nessos
 24113 | D:12     | Killed Nessos
 24563 | D:12     | Noticed Josephine
 24892 | D:12     | Killed Josephine
 25404 | Lair:5   | Noticed Kirke
 25510 | Lair:4   | Killed Kirke
 25709 | Lair:5   | Received a gift from Okawaru
 25760 | Lair:5   | Reached skill level 15 in Shields
 26409 | Lair:6   | Entered Level 6 of the Lair of Beasts
 26550 | Lair:6   | Found a runed translucent door.
 26550 | Lair:6   | Found a shimmering altar of Xom.
 26550 | Lair:6   | Noticed bgiannan's ghost (journeyman MiFi)
 26565 | Lair:6   | Reached XP level 15. HP: 113/150 MP: 15/15
 26699 | Lair:6   | Found a staircase to the Slime Pits.
 27711 | Lair:6   | Received a gift from Okawaru
 28258 | Lair:6   | Reached skill level 19 in Fighting
 29177 | Lair:6   | Identified the +8 mace of Doom {protect, rF+}
 29619 | D:13     | Noticed Maurice
 29631 | D:13     | Killed Maurice
 29927 | D:12     | Reached skill level 1 in Bows
 29927 | D:12     | Reached skill level 1 in Evocations
 29927 | D:12     | Reached XP level 16. HP: 160/160 MP: 16/16
 29941 | D:13     | Paralysed by an ogre mage for 3 turns
 29952 | D:13     | Paralysed by something for 3 turns
 29961 | D:13     | Found a gate to the Vaults.
 30989 | D:3      | Killed BinkBink's ghost
 31241 | D:10     | Found a runed translucent gate.
 31241 | D:10     | Found a runed translucent gate.
 31245 | D:10     | Found a runed translucent gate.
 31262 | D:10     | Noticed Gargoyl's ghost (journeyman GnAK)
 31602 | D:14     | Received a gift from Okawaru
 32218 | D:14     | Found a white marble altar of Elyvilon.
 32367 | D:15     | Entered Level 15 of the Dungeon
 32371 | D:15     | Identified the +1 chain mail of Beretul {rF++} (Okawaru
                  | gifted it to you on level 15 of the Dungeon)
 32371 | D:15     | Received a gift from Okawaru
 32946 | D:15     | Paralysed by something for 3 turns
 32956 | D:15     | Killed from afar by an ogre mage

Illustrated notes

Levels and vault maps discovered:
D:1:      dpeg_arrival_tiny_g, layout_loops_cross, shapermc_ecumenical_altar_gd,
          chequers_serial_rivers_room_b
D:2:      layout_basic, uniq_natasha
D:3:      layout_loops_ring, tso_oasis_becter, nemelex_spade_bored_becter,
          ebering_ghost_sewer_f
D:4:      layout_loops_ring, grunt_ministairs_6
D:5:      layout_basic, mainiacjoe_overflow_boulevard, temple_fountains,
          serial_shops, nicolae_shop_hallway_stairs, shop,
          nicolae_shop_temple_entry_statues_fountains, shop,
          minmay_misc_feat_roman
D:6:      layout_loops_cross, nicolae_ossuary_entry_catacombs
D:7:      layout_loops_ring, uniq_prince_ribbit1
D:8:      minmay_tri_box, layout_rooms, minitemple, erik_lair_orcish_takeover,
          minmay_manual_moon
D:9:      layout_irregular_city, minmay_orc_entry_temple_small,
          mrwooster_statue_mirror
D:10:     layout_basic, lemuel_round_altar,
          ploomutoo_gammafunk_ghost_potion_laboratory
D:11:     layout_roguey, nicolae_trove_entry_diagonal, nicolae_zen_rock_garden
D:12:     layout_rooms, serial_undead, serial_undead_b, serial_undead_d,
          serial_undead_b, serial_undead_e, uniq_frances, uniq_josephine,
          uniq_nessos
D:13:     layout_stronghold, david_vaults_2, uniq_maurice
D:14:     layout_cave_pools, elyvilon_altar_4
D:15:     gammafunk_depths_entry_grave, layout_loops_ring,
          nicolae_concentric_dashed_squares_wild, minmay_fractal_squares_5
Temple:   minmay_temple_bridge_abc
Lair:1:   layout_loops_ring
Lair:2:   layout_small_grid, spider_nest_entry_funnel_web, uniq_maggie
Lair:3:   layout_cave_pods, shoals_dummy_entry, special_room [special_room_bee]
Lair:4:   layout_big_grid, uniq_nergalle
Lair:5:   layout_layer_cave, infiniplex_staircase_pool_2, uniq_kirke
Lair:6:   hangedman_lair_caniforms_friends, layout_regular_city,
          minmay_slime_entry_jelly_boxes, ebering_ghost_xom, ldierk_geyser,
          infiniplex_staircase_pool
Orc:1:    layout_caves
Orc:2:    st_orc_open, layout_caves, basic_altar,
          nicolae_volcano_entry_lava_flow, lightli_orcish_oven, uniq_donald,
          uniq_rupert, uniq_sonja

Skill      XL: |  1  2  3  4  5  6  7  8  9 10 11 12 13 14 15 16 |
---------------+-------------------------------------------------+-----
Fighting       | 4 5 6 7 8 9 12 14 17 18 19 | 19.8
Long Blades    | 3 4 5 6 7 8 10 12 13 14 15 16 17 | 17.6
Armour         | 4 5 7 8 9 11 13 14 15 16 17 | 17.6
Shields        | 4 5 7 8 9 11 13 15 16 17 | 17.3
Dodging        | 1 3 4 |  4.2
Invocations    | 1 2 |  2.5
Stealth        | 1 2 |  2.0
Bows           | 1 |  1.0
Evocations     | 1 |  1.1
Short Blades   | |  0.7
Axes           | |  0.7
Maces & Flails | |  0.7
Polearms       | |  0.7
Staves         | |  0.7
Slings         | |  0.6
Crossbows      | |  0.6
Throwing       | |  0.5
Unarmed Combat | |  0.6
Spellcasting   | |  0.2
Conjurations   | |  0.5
Hexes          | |  0.2
Summonings     | |  0.3
Necromancy     | |  0.3
Translocations | |  0.3
Transmutations | |  0.3
Fire Magic     | |  0.3
Ice Magic      | |  0.3
Air Magic      | |  0.3
Earth Magic    | |  0.3
Poison Magic   | |  0.3

Action                   |  1- 3 |  4- 6 |  7- 9 | 10-12 | 13-15 | 16-18 || total
-------------------------+-------+-------+-------+-------+-------+-------++-------
Melee: Long sword        |    42 |   175 |    93 |   409 |     8 |    10 ||   737
       Headbutt          |     8 |    30 |   108 |   235 |   314 |   106 ||   801
       Falchion          |       |       |   198 |   158 |       |       ||   356
       Demon blade       |       |       |       |   158 |   926 |   248 ||  1332
Invok: Heroism           |       |       |       |     7 |    16 |     1 ||    24
Evoke: Wand              |       |       |     4 |       |     3 |       ||     7
  Use: Scroll            |       |       |     1 |    14 |     7 |       ||    22
       Potion            |       |       |       |     3 |     6 |     1 ||    10
Armor: Scale mail        |    22 |     2 |       |       |       |       ||    24
       Chain mail        |       |   113 |   103 |    57 |       |       ||   273
       Plate armour      |       |       |       |   221 |   369 |    87 ||   677
Dodge: Dodged            |    14 |    54 |    85 |   193 |   305 |    52 ||   703
Block: Buckler           |     8 |    45 |    92 |    46 |       |       ||   191
       Kite shield       |       |       |       |   352 |   758 |   171 ||  1281
       Reflection        |       |       |       |       |    13 |    10 ||    23

Table legend: (Time is in decaauts)
 A = Elapsed time spent in this place.
 B = Non-inter-level travel time spent in this place.
 C = Inter-level travel time spent in this place.
 D = Time resting spent in this place.
 E = Time spent auto-exploring this place.
 F = Levels seen in this place.
 G = Mean time per level.
                   A        B        C        D        E       F      G
               +--------+--------+--------+--------+--------+-----+--------+
         Total |  32448 |  30861 |   1587 |   5543 |  18826 |  26 | 1248.0 |
       Dungeon |  18199 |  17110 |   1089 |   2297 |  11586 |  15 | 1213.3 |
        Temple |     47 |     47 |      0 |      0 |      0 |   1 |   47.0 |
          Lair |   9852 |   9380 |    472 |   1464 |   6030 |   6 | 1642.0 |
  Orcish Mines |   3093 |   3068 |     25 |   1110 |   1063 |   2 | 1546.5 |
       Ossuary |    462 |    462 |      0 |     94 |    128 |   1 |  462.0 |
       Volcano |    792 |    792 |      0 |    578 |     18 |   1 |  792.0 |
               +--------+--------+--------+--------+--------+-----+--------+

Top non-repeatable levels by time:
  Lair:6: 2836 daAuts
    D:11: 1825 daAuts
     D:8: 1787 daAuts
   Orc:2: 1748 daAuts
  Lair:1: 1672 daAuts
  Lair:2: 1669 daAuts
    D:12: 1627 daAuts
     D:4: 1572 daAuts
     D:7: 1560 daAuts
  Lair:4: 1490 daAuts
     D:2: 1484 daAuts
   Orc:1: 1344 daAuts
  Lair:3: 1273 daAuts
    D:14: 1245 daAuts
    D:10: 1243 daAuts
